AoeStats
← ihate

Arabia

510620440Analyzed
1v1 RM · 6h ago on Oct 1, 2026· 46m 39s· 2 players
Game mode
Random Map
Map size
Tiny (2 player)
Population
200
Speed
Normal
Resources
Standard
Victory
Conquest
Starting age
Dark Age
Ending age
Imperial Age
RankedLock teamsTeams togetherTeam positionsShared explorationLock speedFull tech treeHidden civsTurbo modeCheats
Victory
Defeat
🇩🇪 Varangians · Germany
1139
+18
🇵🇱 Poles · Poland
1172
-18
ihate
9:44 Feudal Age
9:48 Loom
11:49 Bloodlines
12:07 Horse Collar
21:25 Castle Age
19:26 Town Watch
19:34 Gold Mining
20:03 Double-Bit Axe
21:17 Scale Barding Armor
21:22 Forging
24:07 Chain Barding Armor
23:50 Heavy Plow
24:31 Bow Saw
26:32 Wheelbarrow
27:39 Hand Cart
27:37 Husbandry
30:16 Iron Casting
31:37 Vendel Legacy
36:17 Hand Cart
37:45 Devotion
40:38 Imperial Age
40:54 Cavalier
42:22 Plate Barding Armor
44:36 Faith
47:07 Blast Furnace
46:50 Conscription
HTF
5:54 Loom
9:03 Feudal Age
9:46 Double-Bit Axe
19:34 Castle Age
17:31 Gold Mining
20:31 Bow Saw
23:53 Fletching
24:04 Padded Archer Armor
23:44 Crossbowman
24:29 Thumb Ring
24:18 Horse Collar
26:32 Ballistics
27:35 Bodkin Arrow
28:57 Leather Archer Armor
30:28 Wheelbarrow
29:38 Town Watch
30:54 Scale Mail Armor
37:18 Imperial Age
35:31 Hand Cart
36:09 Squires
35:29 Pikeman
37:56 Forging
39:15 Bracer
38:57 Arbalester
40:48 Light Cavalry
41:28 Husbandry
Connection lost

Rejoining the realm…

Still unreachable

The connection could not be restored.

Session expired

The server has moved on; the page needs a fresh start.